 Dungeon Crawl Stone Soup version 0.22.1-1-ga44c0e5 (webtiles) character file.

14926 Benis312 the Arsonist (level 11, -1/85 HPs)
             Began as a Pale Draconian Fire Elementalist on Oct 27, 2018.
             Was a High Priest of Sif Muna.
             Slain by a spiny frog (7 damage)
             ... on level 2 of the Lair of Beasts.
             The game lasted 01:37:30 (14783 turns).

Benis312 the Arsonist (DrFE)                       Turns: 14783, Time: 01:37:31

Health: -1/85      AC: 13    Str: 11    XL:     11   Next: 95%
Magic:  4/23       EV: 20    Int: 18    God:    Sif Muna [*****.]
Gold:   631        SH:  0    Dex: 12    Spells: 10/27 levels left

rFire    . . .     SeeInvis .   c - +3 rapier (flame)
rCold    . . .     Gourm    .   (no shield)
rNeg     . . .     Faith    .   (armour unavailable)
rPois    .         Spirit   .   (helmet restricted)
rElec    .         Reflect  .   x - +2 cloak {MR+}
rCorr    .         Harm     .   (no gloves)
MR       +....                  (no boots)
Stlth    ++........             (no amulet)
HPRegen  0.24/turn              i - +4 ring of evasion
MPRegen  0.18/turn              C - +3 ring of protection

@: lethally poisoned (-1 -> -8), divine energy
A: breathe steam, unfitting armour, cold-blooded, AC +7
a: Breathe Steam, Stop Divine Energy, Channel Magic, Forget Spell, Renounce
Religion


You were on level 2 of the Lair of Beasts.
You worshipped Sif Muna.
Sif Muna was extremely pleased with you.
You were not hungry.

You visited 3 branches of the dungeon, and saw 12 of its levels.
You also visited: Sewer.

You collected 631 gold pieces.

Inventory:

Hand Weapons
 c - a +3 rapier of flaming (weapon)
Armour
 x - a +2 cloak of magic resistance (worn)
 H - a scarf of cloud immunity
Magical Staves
 r - an uncursed staff of air
Jewellery
 i - a +4 ring of evasion (left hand)
 C - a +3 ring of protection (right hand)
Wands
 a - a wand of random effects (30)
 d - a wand of enslavement (19)
 g - a wand of disintegration (9)
 h - a wand of iceblast (16)
 v - a wand of flame (17)
 A - a wand of polymorph (33)
Scrolls
 k - a scroll of teleportation
 q - 2 scrolls of enchant armour
 u - 4 scrolls of remove curse
 D - 2 scrolls of brand weapon
Potions
 b - 3 potions of agility
 o - 2 potions of flight
 p - a potion of lignification
Miscellaneous
 e - a crystal ball of energy
Comestibles
 w - 2 rations


   Skills:
 + Level 4.9 Fighting
 + Level 5.8 Short Blades
 + Level 2.3 Staves
 + Level 7.3 Dodging
 + Level 3.8 Stealth
 + Level 0.7 Unarmed Combat
 + Level 8.9 Spellcasting
 + Level 9.2 Conjurations
 + Level 9.6 Fire Magic
 + Level 2.3 Ice Magic
 + Level 1.0 Evocations


You had 10 spell levels left.
You knew the following spells:

 Your Spells              Type           Power        Failure   Level  Hunger
a - Flame Tongue          Conj/Fire      #####        1%          1    None
b - Throw Flame           Conj/Fire      #####.       1%          2    None
c - Sticky Flame          Conj/Fire      #####...     1%          4    ###....
d - Throw Icicle          Conj/Ice       ####....     9%          4    ###....
e - Fireball              Conj/Fire      #####.....   4%          5    #####..
f - Shock                 Conj/Air       ###.         1%          1    None

Your spell library contained the following spells:

 Spells                   Type           Power        Failure   Level  Hunger
 Throw Frost              Conj/Ice       ####..       1%          2    None
 Conjure Flame            Conj/Fire      #####...     1%          3    None
 Freeze                   Ice            ###.         3%          1    None
 Inner Flame              Hex/Fire       ####....     3%          3    None
 Dazzling Spray           Conj/Hex       ###...       4%          3    None
 Ozocubu's Armour         Chrm/Ice       ##......     16%         3    None
 Bolt of Fire             Conj/Fire      #####.....   28%         6    ######.
 Summon Ice Beast         Ice/Summ       ##......     47%         4    ###....
 Conjure Ball Lightning   Conj/Air       ###.......   90%         6    ######.
 Chain Lightning          Conj/Air       ###.......   100%        8    #######


Dungeon Overview and Level Annotations

Branches:
Dungeon (9/15)             Temple (1/1) D:7            Lair (2/6) D:9
  Swamp: Lair:2-4    Shoals: Lair:2-4     Snake: Lair:2-4    Spider: Lair:2-4
    Orc: D:9-12

Altars:
Ashenzari
Cheibriados
Dithmenos
Elyvilon
Fedhas
Gozag
Hepliaklqana
Kikubaaqudgha
Makhleb
Nemelex Xobeh
Okawaru
Qazlal
Ru
Sif Muna
Trog
Uskayaw
Vehumet
Wu Jian
Xom
Yredelemnul
Zin
The Shining One


Innate Abilities, Weirdness & Mutations

You can breathe blasts of scalding, opaque steam.
Your pale cyan-grey scales are hard. (AC +7)
You cannot fit into any form of body armour.
You are cold-blooded and may be slowed by cold attacks.


Message History

The spiny frog stings you.
* * * LOW HITPOINT WARNING * * *
Unknown command.
Unknown command.
Casting: Flame Tongue (safe; 1% risk of failure)
Confirm with . or Enter, or press ? or * to list all spells.
Aiming: Sticky Flame (safe; 1% risk of failure)
Press: ? - help, Shift-Dir - straight line, f/p - spiny frog
Aim: a spiny frog (moderately wounded)
The sticky flame hits the spiny frog.
The spiny frog is severely wounded.
The spiny frog is covered in liquid flames!
The spiny frog burns!
The spiny frog stings you!
* * * LOW HITPOINT WARNING * * *
You are lethally poisoned!
The spiny frog poisons you!
You feel magically purged.
* * * LOW HITPOINT WARNING * * *
You feel sick.
The spiny frog burns!
The spiny frog stings you!
You die...

####$..#..#... ##
#........#...F..
##........#.#.
#...#...#....
#†##..#####.###.#
#...#.#.........+
##...(#..#...##..#
#..#F....#.....#
##.P@#.P#..#.#...F.#
#...........# ...##
####'.######.# ..#
#.## ## .# #.# #
##.# ##..# # #P..# F
##..# .


You could see a spiny frog (burning).

Vanquished Creatures
  A two-headed ogre (D:9)
  Sonja (Lair:1)
  Pikel (D:6)
  A black mamba (Lair:1)
  Maurice (D:9)
  9 spiny frogs (Lair:2)
  2 trolls (D:9)
  12 blink frogs
  Prince Ribbit (Lair:2)
  Sigmund (D:4)
  2 wyverns
  14 yaks
  2 water moccasins (Lair:2)
  2 orc warriors (D:7)
  2 porcupines (Lair:2)
  2 ice beasts
  A sky beast (D:9)
  4 slaves (D:6)
  An eye of draining (D:8)
  3 wolves (Lair:2)
  4 centaurs
  2 necrophages
  3 ogres
  A phantom (D:4)
  4 crocodiles
  3 big kobolds
  8 bullfrogs
  A scorpion (D:6)
  A water moccasin skeleton (D:7)
  3 wights (D:8)
  A howler monkey (D:5)
  An electric eel (D:8)
  5 crimson imps
  6 hounds
  A jelly (D:9)
  A bullfrog zombie (D:9)
  A centaur zombie (D:7)
  6 orc wizards
  2 bullfrog skeletons
  An orc priest (D:7)
  2 centaur skeletons
  A gnoll shaman (D:9)
  Ijyb (D:4)
  6 worker ants
  Natasha (thrice) (D:4)
  An iguana (D:8)
  A hound zombie (D:7)
  A hound skeleton (D:9)
  2 worker ant zombies
  7 gnolls
  11 adders
  A howler monkey skeleton (D:4)
  A shadow imp (D:5)
  An ooze (D:3)
  An adder skeleton (D:7)
  6 worms
  2 dart slugs (D:1)
  5 leopard geckos
  16 orcs
  10 giant cockroaches
  4 goblins
  6 hobgoblins
  6 jackals
  4 quokkas
  2 ball pythons
  6 bats
  2 frilled lizards (D:1)
  A jackal skeleton (D:4)
  16 kobolds
  A quokka skeleton (D:5)
  16 rats
  A fungus (D:8)
262 creatures vanquished.

Vanquished Creatures (others)
  5 fungi (Lair:2)
  4 plants (Lair:2)
9 creatures vanquished.

Grand Total: 271 creatures vanquished

Notes
Turn   | Place    | Note
-------+----------+-------------------------------------------
     0 | D:1      | Benis312 the Draconian Fire Elementalist began the quest
                  | for the Orb.
     0 | D:1      | Reached XP level 1. HP: 14/14 MP: 3/3
   177 | D:1      | Reached XP level 2. HP: 20/20 MP: 3/5
   181 | D:1      | Learned a level 2 spell: Throw Flame
   746 | D:1      | Reached XP level 3. HP: 27/27 MP: 0/6
  1976 | D:3      | Reached skill level 1 in Fighting
  1976 | D:3      | Reached XP level 4. HP: 18/35 MP: 3/7
  2451 | D:3      | Found a deep blue altar of Sif Muna.
  2485 | D:3      | Became a worshipper of Sif Muna the Loreminder
  3043 | D:4      | Noticed Natasha
  3052 | D:4      | Killed Natasha
  3182 | D:4      | Found a sparkling altar of Nemelex Xobeh.
  3184 | D:4      | Found a radiant altar of Vehumet.
  3185 | D:4      | Noticed a phantom
  3213 | D:4      | Killed a phantom
  3213 | D:4      | Reached skill level 1 in Short Blades
  3213 | D:4      | Reached XP level 5. HP: 33/40 MP: 1/9
  3220 | D:4      | Noticed Sigmund
  3468 | D:4      | Noticed Natasha
  3476 | D:4      | Killed Natasha
  3607 | D:4      | Found a glowing golden altar of the Shining One.
  3607 | D:4      | Noticed Natasha
  3612 | D:4      | Killed Natasha
  3708 | D:4      | Noticed Ijyb
  3822 | D:4      | Killed Ijyb
  3822 | D:4      | Reached XP level 6. HP: 42/47 MP: 8/10
  4088 | D:4      | Killed Sigmund
  4164 | D:4      | Learned a level 4 spell: Sticky Flame
  5024 | D:5      | Entered Level 5 of the Dungeon
  5035 | D:5      | Your scales start taking on a pale cyan-grey colour.
  5035 | D:5      | Reached skill level 5 in Fire Magic
  5035 | D:5      | Reached XP level 7. HP: 51/53 MP: 2/12
  5123 | D:5      | Reached * piety under Sif Muna
  5541 | D:5      | Found a white marble altar of Elyvilon.
  5692 | D:5      | Reached XP level 8. HP: 61/61 MP: 8/14
  6030 | D:6      | Found a glowing drain.
  6051 | Sewer    | Entered a sewer
  6174 | Sewer    | Found a glowing silver altar of Zin.
  6396 | D:6      | Found a bloodstained altar of Trog.
  6504 | D:6      | Reached ** piety under Sif Muna
  6604 | D:6      | Noticed Pikel
  6620 | D:6      | Found a hide-covered altar of Uskayaw.
  6656 | D:6      | Found an opulent altar of Gozag.
  7063 | D:6      | Killed Pikel
  7063 | D:6      | Reached skill level 5 in Spellcasting
  7063 | D:6      | Reached skill level 5 in Conjurations
  7063 | D:6      | Reached XP level 9. HP: 62/69 MP: 9/16
  7615 | D:7      | Found a staircase to the Ecumenical Temple.
  7718 | Temple   | Entered the Ecumenical Temple
  8262 | D:7      | Noticed a moth of wrath
  8266 | D:7      | Found a bloodstained altar of Trog.
  8797 | D:8      | Reached *** piety under Sif Muna
  8838 | D:8      | Found a stormy altar of Qazlal.
  8904 | D:8      | Reached skill level 1 in Staves
  9450 | D:8      | Reached skill level 5 in Dodging
  9792 | D:8      | Learned a level 4 spell: Throw Icicle
  9798 | D:8      | Learned a level 5 spell: Fireball
 10107 | D:9      | Found a glowing silver altar of Zin.
 10214 | D:9      | Reached XP level 10. HP: 71/78 MP: 2/19
 10363 | D:9      | Noticed a two-headed ogre
 10373 | D:9      | Killed a two-headed ogre
 10373 | D:9      | Reached skill level 1 in Ice Magic
 10389 | D:9      | Noticed Maurice
 11007 | D:9      | Reached skill level 5 in Short Blades
 11051 | D:9      | Killed Maurice
 11321 | D:9      | Reached **** piety under Sif Muna
 11485 | D:9      | HP: 3/79 [troll (13)]
 12183 | D:9      | Found an ancient bone altar of Kikubaaqudgha.
 12236 | D:9      | Found a staircase to the Lair.
 12246 | Lair:1   | Entered Level 1 of the Lair of Beasts
 12247 | Lair:1   | Noticed Prince Ribbit
 12356 | Lair:1   | Noticed Sonja
 12367 | Lair:1   | Killed Sonja
 12367 | Lair:1   | Reached XP level 11. HP: 32/85 MP: 8/22
 12763 | Lair:1   | Found an iron altar of Okawaru.
 13387 | Lair:1   | Reached skill level 1 in Evocations
 13630 | Lair:2   | Killed Prince Ribbit
 13793 | Lair:2   | HP: 3/85 [spiny frog (13)]
 13834 | Lair:2   | Reached ***** piety under Sif Muna
 14330 | Lair:2   | Identified Saeheb's Reference Book on Conjuration and
                  | Feathers (Sif Muna gifted it to you on level 2 of the Lair
                  | of Beasts)
 14330 | Lair:2   | Received a gift from Sif Muna
 14711 | Lair:2   | Learned a level 1 spell: Shock
 14783 | Lair:2   | Slain by a spiny frog

Skill      XL: |  1  2  3  4  5  6  7  8  9 10 11 |
---------------+----------------------------------+-----
Dodging        | 2 3 4 5 6 7 |  7.3
Fighting       | 1 2 3 4 |  4.9
Short Blades   | 1 2 3 4 5 |  5.8
Stealth        | 2 3 |  3.8
Spellcasting   | 3 4 5 6 7 8 |  8.9
Conjurations   | 2 3 5 6 7 9 |  9.2
Fire Magic     | 4 5 6 7 8 9 |  9.6
Staves         | 2 |  2.3
Ice Magic      | 1 2 |  2.3
Evocations     | 1 |  1.0
Unarmed Combat | |  0.7

Action                   |  1- 3 |  4- 6 |  7- 9 | 10-12 || total
-------------------------+-------+-------+-------+-------++-------
Melee: Unarmed           |    13 |    16 |       |       ||    29
       Short sword       |    77 |    55 |   293 |    12 ||   437
       Tailslap          |     6 |     4 |    39 |    13 ||    62
       Punch             |       |       |     2 |       ||     2
       Staff             |       |       |   110 |       ||   110
       Rapier            |       |       |       |    74 ||    74
 Cast: Flame Tongue      |    58 |    70 |   146 |   125 ||   399
       Throw Flame       |     7 |    25 |    26 |    19 ||    77
       Sticky Flame      |       |     1 |    12 |    22 ||    35
       Throw Icicle      |       |       |     9 |    21 ||    30
       Fireball          |       |       |     1 |    10 ||    11
       Shock             |       |       |       |     7 ||     7
Invok: Divine Energy     |       |       |     4 |     2 ||     6
       Stop Divine Energ |       |       |     4 |     1 ||     5
 Abil: Breathe Steam     |       |       |    56 |    19 ||    75
Evoke: Wand              |       |       |       |     5 ||     5
  Use: Potion            |     4 |     2 |     6 |    12 ||    24
       Scroll            |     3 |     6 |     9 |    11 ||    29
 Stab: Sleeping          |       |       |     1 |       ||     1
  Eat: Ration            |     2 |     3 |     7 |     7 ||    19
       Chunk             |       |       |     4 |       ||     4
Armor: Skin              |    40 |    30 |    93 |    72 ||   235
Dodge: Dodged            |    98 |    55 |   432 |   305 ||   890
